 Dungeon Crawl Stone Soup version 0.18-a0-596-g6468885 (webtiles) character file.

56 M4edhros the Charlatan (level 3, 0/23 HPs)
             Began as an Octopode Artificer on Dec 3, 2015.
             Slain by a giant newt (1 damage)
             ... on level 3 of the Dungeon.
             The game lasted 00:02:01 (1291 turns).

M4edhros the Charlatan (Octopode Artificer)         Turns: 1291, Time: 00:02:01

Health: 0/23       AC:  1    Str: 10    XL:     3   Next: 95%
Magic:  6/6        EV:  8    Int: 15    God:
Gold:   89         SH: 10    Dex: 12    Spells: 0 memorised, 2 levels left

rFire  . . .     SeeInvis .     j - +2 spear (pain)
rCold  . . .     Clarity  .     k - +0 large shield
rNeg   . . .     SustAt   .     (helmet restricted)
rPois  .         Gourm    .     (no amulet)
rElec  .         Spirit   .     (no ring)
rCorr  .         Dismiss  .     (no ring)
rMut   .         Stasis   .     (no ring)
MR     .....                    (no ring)
Stlth  +++.......               (no ring)
                                (no ring)
                                (no ring)
                                (no ring)

@: not resistant to hostile enchantments, fairly stealthy
A: almost no armour, amphibious, 8 rings, constrict 8, camouflage 1, gelatinous
body 1
a: no special abilities


You were on level 3 of the Dungeon.
You were not hungry.

You visited 1 branch of the dungeon, and saw 3 of its levels.

You collected 89 gold pieces.

Inventory:

Hand Weapons
 a - a +0 short sword
 j - a +2 spear of pain (weapon)
Missiles
 o - 43 stones (quivered)
Armour
 k - a +0 large shield (worn)
Jewellery
 p - an uncursed amulet of regeneration {unknown}
Wands
 b - a wand of flame (13)
 c - a wand of enslavement (11)
 d - a wand of random effects (15)
Scrolls
 f - 5 scrolls of identify {unknown}
 g - 2 scrolls of enchant weapon {unknown}
 h - a scroll of recharging {unknown}
 i - a scroll of amnesia {unknown}
 l - 2 scrolls of remove curse {unknown}
 m - a scroll of fog {unknown}
 q - a scroll of enchant armour {unknown}
Comestibles
 e - 2 bread rations
 n - 2 meat rations


   Skills:
 - Level 1.1 Fighting
 - Level 1.1 Short Blades
 + Level 2.6 Dodging
 + Level 2.3 Stealth
 + Level 1.0 Shields
 - Level 4.1 Evocations


You had 2 spell levels left.
You didn't know any spells.

Dungeon Overview and Level Annotations

Branches:
Dungeon (3/15)

Altars:


Innate Abilities, Weirdness & Mutations

You cannot wear most types of armour.
You are amphibious.
You can wear up to eight rings at the same time.
You can use your tentacles to constrict eight enemies at once.
Your skin changes colour to match your surroundings (Stealth).
Your rubbery body absorbs attacks (AC +1).


Message History

Press: ? - help, Shift-Dir - straight line, f - giant frog
Aim: a giant frog (chance to defeat MR: 54%)
The giant frog resists with significant effort.
This wand has 13 charges left.
The giant frog hits you. The giant frog hits you.
* * * LOW HITPOINT WARNING * * *
Evoke which item? (* to show all) (? for menu, Esc to quit)
Zapping:
c - a wand of enslavement (13)
Press: ? - help, Shift-Dir - straight line, f - giant frog
Aim: a giant frog (chance to defeat MR: 54%)
The giant frog resists with significant effort.
This wand has 12 charges left.
You block the giant frog's attack.
There are monsters nearby!
Evoke which item? (* to show all) (? for menu, Esc to quit)
Zapping:
c - a wand of enslavement (12)
Press: ? - help, Shift-Dir - straight line, f - giant newt
Aim: a giant newt (chance to defeat MR: 85%)
The giant frog is charmed.
This wand has 11 charges left.
The giant newt bites you.
You die...

##......# ##
#.......##[#
...?.>..#!. #
#.......$###.#
...........#
##..#....#
###......#
##.##..†#..<.#
.)."..l@.....#
......F.........#
##....####........
###.. #..#......
#. #.......$! #.
#>...<.... .
#...$....# .# ##.>


You could see a giant newt and a friendly giant frog.

Vanquished Creatures
  An adder (D:2)
  3 giant geckos
  4 bats (D:1)
  7 goblins (D:1)
  3 hobgoblins (D:1)
  11 jackals
  2 kobolds
  2 ball pythons
  9 rats
42 creatures vanquished.

Notes
Turn   | Place    | Note
--------------------------------------------------------------
     0 | D:1      | M4edhros the Octopode Artificer began the quest for the Orb.
     0 | D:1      | Reached XP level 1. HP: 13/13 MP: 3/3
   104 | D:1      | Reached XP level 2. HP: 5/18 MP: 4/4
   292 | D:1      | Reached skill level 4 in Evocations
   589 | D:1      | Reached XP level 3. HP: 10/23 MP: 6/6
  1283 | D:3      | Noticed a giant frog
  1288 | D:3      | Reached skill level 1 in Shields
  1289 | D:3      | HP: 1/23 [giant frog (6)]
  1291 | D:3      | Slain by a giant newt

Vault maps used:
D:1:      zaba_arrival_water, minmay_misc_feat_more_columns
D:3:      cheibriados_altar_1, minitemple

Action                   || total
-------------------------++-------
Melee: Short sword       ||    34
       Spear             ||    45
Evoke: Wand              ||     6
 Stab: Sleeping          ||    12
  Eat: Chunk             ||     1
